 BcadrenCrawl: Boulder Brew version 0.04.2-15-ge27eb88979 (webtiles) character file.

Game seed: 15557482624324250448, levelgen mode: deterministic

2140 diana the Skirmisher (level 9, -3/71 HPs) Human Berserker. Began on May 15, 2021. Was a High Priest of Trog. Killed from afar by an orc wizard (8 damage) ... with a puff of flame ... on level 4 of the Dungeon. The game lasted 00:08:24 (3364 turns).

diana the Skirmisher (Human Berserker)              Turns: 3364, Time: 00:08:25

Health: -3/71      AC:  7    Str: 21    XL:     9 ^: 851
Magic:  9/9        EV: 14    Int:  7    God:    Trog [5* [129]]
Gold:   206        SH:  0    Dex: 13    Spells: 8/8 levels left

rFire    . . .     Vision   .   f - +5 long sword
rCold    + . .     Gourm    .   (no weapon)
rNeg     + . .     Faith    .   q - +0 ring mail {rC+}
rPois    .         Spirit   .   (no helmet)
rElec    .         Reflect  .   n - scarf {cloud immunity}
rCorr    .         Harm     .   m - +0 pair of gloves
MR       .....     Rnd*Rage +   (no boots)
Stlth    +.........             (no amulet)
HPRegen  0.33/turn              l - ring of positive energy
MPRegen  0.19/turn              (no ring)

@: no status effects
A: no striking features
a: Berserk, Trog's Hand, Brothers in Arms, Renounce Religion


You were on level 4 of the Dungeon.
You worshipped Trog.
Trog was extremely pleased with you.
You were not hungry.

You visited 1 branch of the dungeon, and saw 4 of its levels.

You collected 206 gold pieces.

Inventory:

Weapons
 f - a +5 long sword (weapon)
 h - a +3 antimagic great sword
Armour
 b - a +0 animal skin
 m - a +0 pair of gloves (worn)
 n - a scarf of cloud immunity (worn)
 q - a +0 ring mail of cold resistance (worn)
Jewellery
 a - a cursed ring of stealth {(Curse: MR-)}
 l - a ring of positive energy (left hand)
 s - a cursed ring of strength {(Curse: *Drain MR-)}
 u - an uncursed ring of protection
 w - an uncursed ring of intelligence
Wands
 k - a wand of flame (10)
 y - a wand of polymorph (18)
Scrolls
 g - 9 scrolls of teleportation
 o - 2 scrolls of fear
 t - a scroll of magic mapping
 x - a scroll of fog
Potions
 d - a potion of heal wounds
 e - a potion of berserk rage
 i - a potion of brilliance
 j - a potion of resistance
 p - a potion of curing
 r - a potion of agility
 v - a potion of ambrosia
Comestibles
 c - 13 rations
 z - a chunk of flesh


   Skills:
 + Level 6.7 Fighting
 + Level 6.7 Long Blades
 + Level 6.2 Armour
 + Level 6.2 Dodging


You had 8 spell levels left.
You didn't know any spells.
Your spell library was empty.

Dungeon Overview and Level Annotations

Branches:
Dungeon (4/8)
 Temple: D:4

Altars:
Wu Jian


Message History

You are too injured to fight recklessly!
You are too injured to fight recklessly!
You slice the orc warrior (19)!!
You kill the orc warrior!
Trog accepts your kill.
You barely miss something. You closely miss something.
Something drops a +0 dagger.
Something picks up a +0 scimitar.
You hit something (6). You barely miss something. Something hits you (5).
The orc drinks a potion.
The orc suddenly seems more resistant.
The orc priest mumbles some strange prayers to Beogh against you.
Beogh smites you!
* * * LOW HITPOINT WARNING * * *
You hit something (5). You hit something (2).
The orc priest calls down the wrath of Beogh upon you.
Beogh smites you!
* * * LOW HITPOINT WARNING * * *
You hear some strange, mumbled words.
A puff of flame appears from out of thin air!
The puff of flame hits you (8)!
You die...

# .#### ########o.....
#....)@)o# #.######## #.#
#.# #.# #.# #.######
###########......#
...........#.###.########


You could see an orc priest and an orc.

Vanquished Creatures
  A scorpion (D:3)
  A water moccasin (D:2)
  Duvessa (D:3)
  An orc warrior (D:4)
  A porcupine (D:4)
  2 ogres
  3 big kobolds
  A crocodile (D:2)
  A bullfrog (D:4)
  Dowan (D:3)
  2 orc priests (D:3)
  4 jellies
  A merfolk avatar (D:2)
  8 orc wizards
  2 worker ants (D:3)
  A wyvern skeleton (D:3)
  9 giant cockroaches
  A bullfrog zombie (D:4)
  6 adders
  21 sewer rats (D:2)
  11 cinder newts
  3 worms (D:2)
  2 oozes
  A howler monkey skeleton (D:3)
  5 dart slugs (D:1)
  6 leopard geckos
  19 orcs
  2 adder skeletons (D:2)
  A ball python (D:2)
  6 bats
  5 hobgoblins (D:1)
  4 jackals (D:3)
  10 kobolds
  4 quokkas
  A bat skeleton (D:2)
  9 goblins (D:1)
  A leopard gecko skeleton (D:3)
  10 rats
  A plant (D:3)
  2 withered plants (D:2)
171 creatures vanquished.

Vanquished Creatures (others)
  107 withered plants (D:2)
107 creatures vanquished.

Grand Total: 278 creatures vanquished

Notes
Turn   | Place    | Note
-------+----------+-------------------------------------------
     0 | D:1      | diana the Human Berserker began the quest for the Orb.
     0 | D:1      | Reached XP level 1. HP: 18/18 MP: 1/1
    38 | D:1      | Reached XP level 2. HP: 24/24 MP: 2/2
   105 | D:1      | Reached XP level 3. HP: 22/29 MP: 3/3
   168 | D:1      | Received a gift from Trog
   182 | D:1      | Reached ** piety under Trog
   193 | D:1      | Reached XP level 4. HP: 33/35 MP: 4/4
   278 | D:1      | Reached XP level 5. HP: 39/41 MP: 5/5
   591 | D:2      | Reached XP level 6. HP: 48/48 MP: 6/6
   801 | D:2      | Noticed a water moccasin
   807 | D:2      | Reached *** piety under Trog
   815 | D:2      | Killed a water moccasin
   815 | D:2      | Reached XP level 7. HP: 20/55 MP: 7/7
   820 | D:2      | HP: 4/82 [sewer rat (4)]
   997 | D:2      | Received a gift from Trog
  1164 | D:2      | Reached skill level 5 in Long Blades
  1167 | D:2      | Reached skill level 5 in Fighting
  1173 | D:2      | Reached XP level 8. HP: 62/62 MP: 8/8
  1209 | D:2      | Reached **** piety under Trog
  1211 | D:2      | Found an ornate altar of the Wu Jian Council.
  2146 | D:3      | Noticed Duvessa
  2146 | D:3      | Noticed Dowan
  2151 | D:3      | Killed Duvessa
  2151 | D:3      | Reached skill level 5 in Armour
  2151 | D:3      | Reached skill level 5 in Dodging
  2157 | D:3      | Killed Dowan
  2403 | D:3      | Reached XP level 9. HP: 63/69 MP: 9/9
  2627 | D:3      | Received a gift from Trog
  2687 | D:3      | Reached ***** piety under Trog
  3364 | D:4      | Killed from afar by an orc wizard

Levels and vault maps discovered:
D:1:      dpeg_arrival_yet_another_circle, layout_basic
D:2:      layout_sewer, bcadren_lemuel_inverted_doored_altar, st_mermaid_room
D:3:      layout_basic, first_ration, blue_anna_alchemist
          [blue_anna_fruit_fields, blue_anna_fruit_fields], uniq_duvessa
D:4:      layout_loops_ring, minitemple, minmay_temple_entry_overgrown,
          uniq_maggie

Skill      XL: |  1  2  3  4  5  6  7  8  9 |
---------------+----------------------------+-----
Armour         | 3 4 5 6 |  6.2
Dodging        | 3 4 5 6 |  6.2
Long Blades    | 4 5 6 |  6.7
Fighting       | 4 5 6 |  6.7

Action                   |  1- 3 |  4- 6 |  7- 9 || total
-------------------------+-------+-------+-------++-------
Melee: Falchion          |    19 |       |       ||    19
       Unarmed           |    12 |    26 |    80 ||   118
       Long sword        |    12 |    49 |   158 ||   219
Invok: Berserk           |       |     1 |     2 ||     3
  Use: Potion            |       |       |     2 ||     2
  Eat: Chunk             |       |     1 |    11 ||    12
Armor: Animal skin       |     5 |     5 |    10 ||    20
       Ring mail         |       |       |    19 ||    19
Dodge: Dodged            |    24 |    51 |   156 ||   231
       Rpst.: Falchion   |     6 |       |       ||     6
       Long sword        |     2 |    12 |    53 ||    67
